 Dungeon Crawl Stone Soup version 0.31.0-12-g77e489cdc1 (webtiles) character file.

Game seed: 15625825351488368389

49 Gadfly the Covered (level 3, -1/30 HPs)
             Began as an Armataur Fighter on Feb 28, 2024.
             Slain by a gnoll
             ... wielding a +0 flail
              (3 damage)
             ... on level 2 of the Dungeon.
             The game lasted 00:01:40 (1377 turns).

Gadfly the Covered (Armataur Fighter)               Turns: 1377, Time: 00:01:40

Health: -1/30      AC:  9    Str: 21    XL:     3   Next: 53%
Magic:  3/4        EV:  5    Int:  8    God:
Gold:   35         SH:  4    Dex: 11    Spells: 2/2 levels left

rFire   . . .        a - +1 flail
rCold   . . .        c - +0 buckler
rNeg    . . .        k - +0 chain mail
rPois   .            h - +0 helmet
rElec   .            (no cloak)
rCorr   .            (no gloves)
SInv    .            (no barding)
Will    .....        (no amulet) Stlth
                     (no ring)
HPRegen 0.25/turn    (no ring)
MPRegen 0.09/turn

%: roll
@: brilliant
A: large, deformed body, tough skin 3, armoured tail, roll 1
a: no special abilities


You were on level 2 of the Dungeon.
You visited 1 branch of the dungeon, and saw 2 of its levels.

You collected 35 gold pieces.

Inventory:

Hand Weapons
 a - a +1 flail (weapon)
 g - a +1 dagger of flaming
Armour
 c - a +0 buckler (worn)
 h - a +0 helmet (worn)
 k - a +0 chain mail (worn)
Jewellery
 e - a ring of ice
Scrolls
 b - a scroll of identify
Potions
 d - a potion of might
 f - a potion of brilliance
 j - 2 potions of mutation


   Skills:
 + Level 2.8 Fighting
 * Level 2.2 Maces & Flails
 + Level 3.8 Armour
 + Level 3.4 Shields
 * Level 1.3 Invocations
 * Level 1.4 Evocations


You had 2 spell levels left.
You didn't know any spells.
Your spell library contained the following spells:

 Spells                   Type           Power      Damage    Failure   Level
 Apportation              Tloc           0%         N/A       98%         1
 Necrotise                Necr           0%         1d4       98%         1
 Sting                    Conj/Alch      0%         1d3       98%         1
 Summon Small Mammal      Summ           0%         N/A       98%         1


Dungeon Overview and Level Annotations

Branches:
Dungeon (2/15)

Altars:


Innate Abilities, Weirdness & Mutations

Armour fits poorly on your strangely shaped body.
You have extremely tough skin. (AC +3)
You have a long armoured tail.
You regenerate magic when rolling toward enemies. (Rampage MPRegen)


Message History

The gnoll hits you but does no damage. The gnoll hits you with a +0 whip.
You thump the gnoll!
The gnoll is severely wounded.
The gnoll hits you with a +0 spear.
The gnoll hits you but does no damage. x2
You are too injured to fight recklessly!
You are too injured to fight recklessly!
You are too injured to fight recklessly!
You are too injured to fight recklessly!
You are too injured to fight recklessly!
You are too injured to fight recklessly!
You are too injured to fight recklessly!
You are too injured to fight recklessly!
You are too injured to fight recklessly!
You are too injured to fight recklessly!
You are too injured to fight recklessly!
You are too injured to fight recklessly!
You are too injured to fight recklessly!
You are too injured to fight recklessly!
You are too injured to fight recklessly!
Unknown command.
You block the gnoll's attack.
You completely miss the gnoll. You tail-slap the gnoll.
The gnoll is heavily wounded.
The gnoll hits you with a +0 whip.
You sock the gnoll!
You kill the gnoll!
The gnoll hits you with a +0 flail!
* * * LOW HITPOINT WARNING * * *
The gnoll hits you from afar with a +0 spear.
* * * LOW HITPOINT WARNING * * *
The gnoll attacks as it pursues you!
The gnoll hits you from afar with a +0 spear.
* * * LOW HITPOINT WARNING * * *
It was a potion of brilliance.
You feel clever all of a sudden. You block the gnoll's attack. x2
The gnoll attacks as it pursues you! The gnoll hits you but does no damage.
There is a stone staircase leading up here.
The gnoll hits you with a +0 flail.
You die...

#######+# ###.......#
#........## ♣ #.#.....##
.. # #.#..@### ♣..# ## .
........##.#.g## ♣♣.)..#
#.
#.......##.#.g#♣♣....♣.#
##
........##.##..)g......+
#.
#.......##.####♣♣)..♣..#
#. #.......##.# ♣♣....#
## #.......##.# ♣..#
#.......##.# ).
.........#.# ♣


You could see 2 gnolls.

Vanquished Creatures
  A gnoll (D:2)
  A dart slug (D:1)
  A ball python (D:2)
  2 bats
  3 endoplasms
  3 giant cockroaches
  3 goblins
  2 hobgoblins
  3 jackals
  2 kobolds
  5 quokkas
  3 frilled lizards (D:1)
  3 rats (D:2)
32 creatures vanquished.

Notes
Turn   | Place    | Note
-------+----------+-------------------------------------------
     0 | D:1      | Gadfly the Armataur Fighter began the quest for the Orb.
     0 | D:1      | Reached XP level 1. HP: 18/18 MP: 1/1
   212 | D:1      | Reached XP level 2. HP: 25/25 MP: 2/2
   228 | D:1      | Found a faded altar of an unknown god.
   387 | D:1      | Reached skill level 1 in Evocations
  1030 | D:2      | Reached skill level 1 in Invocations
  1072 | D:2      | Reached XP level 3. HP: 23/30 MP: 3/3
  1373 | D:2      | HP: 1/30 [gnoll/+0 spear (2)]
  1377 | D:2      | Slain by a gnoll

Illustrated notes

Levels and vault maps discovered:
D:1:      onia_arrival_mini_maze_b, layout_basic,
          ebering_ecumenical_altar_petrified, serial_park_tiny_pond,
          grunt_decor_cap, chequers_decorated_corner, st_stairs_12, minivault_14
D:2:      layout_basic, pf_guarded_unrand_woodcutter, uniq_jessica

Skill      XL: |  1  2 |
---------------+-------+-----
Maces & Flails | 2 |  2.2
Evocations     | 1 |  1.4
Invocations    | 1 |  1.3
Fighting       | |  2.8
Armour         | |  3.8
Shields        | |  3.4

Action                     || total
---------------------------++-------
  Melee: Flail             ||    76
         Tailslap          ||    15
    Use: Scroll            ||     4
         Potion            ||     1
 Armour: Scale mail        ||     6
         Chain mail        ||    56
  Dodge: Dodged            ||    19
  Block: Buckler           ||    22
